cohdb
Replays
Latest Replays
All Replays
Popular Replays
Top Player Replays
Match Explorer
How It Works
Community
CoH3 Stats
Reddit
Sign in to upload your games and track your stats! →
Sign in with Steam
Match 39837747
Unlisted
Match 39837747
Overview
Messages
Build Orders
End
Selects Special Operations Battlegroup
Construct Barracks
Selects M29 Weasel Recon Vehicle
M29 Weasel Recon Vehicle
Riflemen Squad
Riflemen Squad
Grenade Package
M1 Mortar Team
Selects Smoke Screen
Construct Medical Station
Infantry Support Center
Smoke Screen
Construct Weapon Support Center
Selects SSF Commando Squad
SSF Commando Squad
Advanced Logistics
Smoke Screen
SSF Commando Squad
SSF Commando Squad
Smoke Screen
Selects P-47 Anti-Infantry Loiter
Improved M9 Bazooka Rockets
P-47 Anti-Infantry Loiter
Construct Tank Depot
Smoke Screen
M4(105) Sherman Bulldozer
Smoke Screen
P-47 Anti-Infantry Loiter
Engineer Squad
Selects UNKNOWN (2162291)
Smoke Screen
M18 Hellcat Tank Destroyer
SSF Commando Squad
Smoke Screen
M4A1 Sherman Whizbang
Selects Assault Operation
SSF Commando Squad
Smoke Screen
demenza058
Stratego
Сazka
Sarmynation
0
0
Comments
sign in to comment!
No comments posted yet!